 Dungeon Crawl Stone Soup version 0.29-a0-841-g116ddc6ace (webtiles) character file.

Game seed: 10622502352477542801

1040 zishaf the Magician (level 8, 0/79 HPs)
             Began as a Djinni Venom Mage on July 14, 2022.
             Was a Follower of Hepliaklqana.
             Slain by Grinder (2 damage)
             ... while paralysed by Grinder
             ... on level 6 of the Dungeon.
             The game lasted 00:17:41 (9705 turns).

zishaf the Magician (Djinni Venom Mage)             Turns: 9705, Time: 00:17:41

Health: 0/79       AC:  6    Str:  7    XL:     8   Next: 49%
Gold:   376        EV:  2    Int: 19    God:    Hepliaklqana [*.....] SH:  0 Dex: 14

rFire   + + .      SeeInvis .   b - +0 dagger
rCold   x . .      Faith    .   (no shield)
rNeg    . . .      Spirit   .   a - +1 robe
rPois   ∞          Reflect  .   (no helmet)
rElec   .          Harm     .   m - +2 cloak {rPois}
rCorr   .          Rampage  .   (no gloves)
Will    .....                   (boots unavailable)
Stlth   ..........              (no amulet)
HPRegen 0.23/turn               (no ring)
MPRegen 0.00/turn               (no ring)

@: paralysed, berserking (expiring), flying
A: reduced essence, sickness immunity, fire resistance 2, cold vulnerability 1,
float, innate caster, HP casting, extra vitality 1
a: Renounce Religion, Recall Ancestor, Ancestor Identity


You were on level 6 of the Dungeon.
You worshipped Hepliaklqana.
Hepliaklqana was aware of your devotion.
You visited 2 branches of the dungeon, and saw 7 of its levels.

You collected 376 gold pieces.

Inventory:

Hand Weapons
 b - a +0 dagger (weapon)
 c - a +0 hammer of freezing
Armour
 a - a +1 robe (worn)
 m - a +2 cloak of poison resistance (worn)
Scrolls
 o - 2 scrolls of enchant armour
 p - a scroll of poison
Potions
 g - 2 potions of resistance
 k - a potion of invisibility
 l - a potion of mutation
 n - 2 potions of curing


   Skills:
 + Level 5.1 Fighting
 - Level 2.1 Dodging
 - Level 1.5 Stealth
 * Level 6.4 Spellcasting


You had 3 spell levels left.
You knew the following spells:

 Your Spells              Type           Power      Damage    Failure   Level
a - Sting                 Tmut/Pois      100%       1d8       1%          1
b - Magic Dart            Conj           100%       1d8       1%          1
c - Poisonous Vapours     Pois/Air       60%        N/A       1%          2
d - Ensorcelled Hibernat  Hex/Ice        60%        N/A       1%          2
z - Mephitic Cloud        Conj/Pois/Air  30%        N/A       2%          3
A - Olgreb's Toxic Radia  Pois           30%        N/A       8%          4
B - Swiftness             Air            30%        N/A       2%          3
Your spell library was empty.

Dungeon Overview and Level Annotations

Branches:
Dungeon (6/15)             Temple (1/1) D:4

Altars:
Elyvilon
Fedhas
Hepliaklqana
Makhleb
Nemelex Xobeh
Okawaru
Qazlal
Trog
Xom
Zin

Portals:
Ossuary: D:6

Annotations:
D:6 Grinder


Innate Abilities, Weirdness & Mutations

Your life essence is reduced to manifest your ancestor. (-10% HP)
You are immune to sickness and miasma.
You are immune to poison.
Your flesh is very heat resistant. (rF++)
You are vulnerable to cold. (rC-)
You float through the air rather than walking.
You learn spells naturally, not from books.
Your magical power is your life essence.
You have superior vitality. (+4 MHP)


Message History

There is an open door here.
Grinder gestures at you.
You struggle to resist.
You swap places.
Sofian hits Grinder.
Grinder hits Sofian!
You feel better.
Sofian hits Grinder.
Grinder hits Sofian!
Grinder is nearby!
Sofian closely misses Grinder.
Grinder hits Sofian.
Sofian hits Grinder.
Grinder blinks!
You swap places.
Grinder closely misses you.
A red film seems to cover your vision as you go berserk!
You feel yourself moving faster!
You feel mighty!
Sofian hits Grinder.
Grinder hits you but does no damage.
You hit Grinder.
Grinder is severely wounded.
You closely miss Grinder.
Grinder is severely wounded.
Sofian barely misses Grinder.
Grinder closely misses you.
You barely miss Grinder.
Grinder is severely wounded.
Sofian hits Grinder but does no damage.
Grinder hits Sofian!
You puncture Grinder!
Grinder is almost dead.
You completely miss Grinder.
Grinder is almost dead.
Sofian misses Grinder.
Grinder blinks!
Grinder gestures at you.
You suddenly lose the ability to move!
You hear the rapid hiss of an avalanche of sand.
The steam dragon hisses angrily.
The steam dragon breathes steam at you. The ball of steam hits you. You resist.
* * * LOW HITPOINT WARNING * * *
Grinder gestures at you. Pain shoots through your body!
* * * LOW HITPOINT WARNING * * *
Grinder hits you.
* * * LOW HITPOINT WARNING * * *
You writhe in agony.
You die...

....<...####...##
..?........§....#
........####§†.##
.......## #....##
#.....## ###.....#
##.........#.##..#
##..#####.#D##..#
#..# #.#.D§.5#
#..#####.#####@##
##..##.........R.#
##...##.##.######.#
#.....#..'#### #+#
.........#...#...#
......####.>.#.∩.#
.......# #...#...#
......## ##### ###
.....## ...


You could see the friendly Sofian the ancestor, Grinder (ally target) and a
steam dragon.

Vanquished Creatures
  2 water moccasins
  An ogre (D:5)
  2 scorpions (D:5)
  2 necrophages (D:5)
  A howler monkey (D:5)
  3 jellies
  Crazy Yiuf (D:2)
  A gnoll bouda (D:4)
  A hound (D:6)
  Jessica (D:3)
  2 iguanas
  An ancestor (D:6)
  3 gnolls (D:4)
  7 adders
  2 white imps (D:5)
  An ufetubus (D:4)
  A worm (D:2)
  4 dart slugs
  4 orcs (D:3)
  9 ball pythons
  17 endoplasms
  3 giant cockroaches
  4 goblins
  10 hobgoblins
  8 jackals (D:1)
  4 quokkas
  10 bats
  4 frilled lizards
  11 kobolds
  7 rats
127 creatures vanquished.

Vanquished Creatures (others)
  2 ancestors
  A white imp (D:6)
  A fungus (D:4)
  2 plants (D:1)
  10 toadstools (D:4)
16 creatures vanquished.

Grand Total: 143 creatures vanquished

Notes
Turn   | Place    | Note
-------+----------+-------------------------------------------
     0 | D:1      | zishaf the Djinni Venom Mage began the quest for the Orb.
     0 | D:1      | zishaf set off with the following spells memorised: Sting,
                  | Poisonous Vapours, Mephitic Cloud, Olgreb's Toxic Radiance.
     0 | D:1      | Reached XP level 1. HP: 15/15 MP: 0/0
   373 | D:1      | Reached XP level 2. HP: 15/22 MP: 0/0
   628 | D:1      | Reached skill level 1 in Fighting
   983 | D:1      | Reached XP level 3. HP: 22/27 MP: 0/0
   983 | D:1      | Learned a level 1 spell: Magic Dart
   994 | D:1      | Reached skill level 3 in Spellcasting
  2169 | D:2      | Found a faded altar of an unknown god.
  2676 | D:2      | Reached XP level 4. HP: 20/32 MP: 0/0
  3941 | D:2      | Found a runed translucent door.
  3942 | D:2      | Noticed Crazy Yiuf
  3981 | D:2      | Killed Crazy Yiuf
  3982 | D:2      | Reached XP level 5. HP: 18/38 MP: 0/0
  3982 | D:2      | Learned a level 2 spell: Ensorcelled Hibernation
  4886 | D:3      | Reached skill level 4 in Spellcasting
  5388 | D:3      | Noticed Jessica
  5399 | D:3      | Killed Jessica
  5882 | D:4      | Reached XP level 6. HP: 34/45 MP: 0/0
  6123 | D:4      | Found a staircase to the Ecumenical Temple.
  6191 | Temple   | Entered the Ecumenical Temple
  6338 | Temple   | Became a worshipper of Hepliaklqana the Forgotten
  6507 | D:4      | Found a shimmering altar of Xom.
  7294 | D:5      | Entered Level 5 of the Dungeon
  7509 | D:5      | Reached XP level 7. HP: 45/50 MP: 0/0
  7509 | D:5      | Learned a level 3 spell: Swiftness
  7781 | D:5      | Reached skill level 5 in Spellcasting
  8210 | D:5      | Noticed a water moccasin
  8252 | D:4      | Killed a water moccasin
  8574 | D:5      | Reached * piety under Hepliaklqana
  8702 | D:5      | Reached XP level 8. HP: 41/52 MP: 0/0
  9073 | D:5      | Reached skill level 6 in Spellcasting
  9308 | D:5      | Reached skill level 5 in Fighting
  9612 | D:6      | Noticed Grinder
  9660 | D:6      | HP: 2/53 [iguana (5)]
  9674 | D:6      | Found a sand-covered staircase.
  9702 | D:6      | Paralysed by Grinder for 4 turns
  9705 | D:6      | HP: 2/79 [Grinder (6)]
  9705 | D:6      | Slain by Grinder

Illustrated notes

Levels and vault maps discovered:
D:1:      wander_arrival_fairy_ring, layout_basic
D:2:      wander_river, layout_basic, hellmonk_ecumenical_altar_leap_of_faith,
          minmay_pentomino_w2, uniq_crazy_yiuf_cottage
D:3:      layout_rooms, uniq_jessica
D:4:      cheibrodos_fertilizer, layout_basic, lemuel_round_altar,
          minmay_temple_entry_butterflies
D:5:      layout_basic, kiku_gazebo_pond_becter, minmay_misc_feat_cross
D:6:      layout_loops_corners, nicolae_ossuary_entry_false_entrances,
          grunt_decor_fettered, chequers_mini_garden, st_stairs_3, uniq_grinder
Temple:   jpeg_temple_clearing

Skill      XL: |  1  2  3  4  5  6  7  8 |
---------------+-------------------------+-----
Fighting       | 1 2 3 4 5 |  5.1
Spellcasting   | 3 4 5 6 |  6.4
Dodging        | |  2.1
Stealth        | |  1.5

Action                   |  1- 3 |  4- 6 |  7- 9 || total
-------------------------+-------+-------+-------++-------
Melee: Unarmed           |    13 |     3 |       ||    16
       Punch             |     1 |       |       ||     1
       Mace              |       |    23 |     2 ||    25
       Dagger            |       |       |    15 ||    15
 Cast: Sting             |    46 |    66 |     9 ||   121
       Poisonous Vapours |    39 |    79 |    14 ||   132
       Olgreb's Toxic Ra |       |     3 |       ||     3
       Mephitic Cloud    |       |     1 |     8 ||     9
       Magic Dart        |       |       |    37 ||    37
       Swiftness         |       |       |     2 ||     2
       Ensorcelled Hiber |       |       |     5 ||     5
Invok: Recall Ancestor   |       |       |     1 ||     1
  Use: Scroll            |       |    13 |     1 ||    14
       Potion            |       |       |     2 ||     2
 Stab: Sleeping          |       |       |     2 ||     2
Armor: Robe              |    15 |    33 |    44 ||    92
Dodge: Dodged            |    58 |    46 |    75 ||   179

Table legend: (Time is in decaauts)
 A = Elapsed time spent in this place.
 B = Non-inter-level travel time spent in this place.
 C = Inter-level travel time spent in this place.
 D = Time resting spent in this place.
 E = Time spent auto-exploring this place.
 F = Levels seen in this place.
 G = Mean time per level.
                   A        B        C        D        E       F      G
               +--------+--------+--------+--------+--------+-----+--------+
         Total |   9705 |   9418 |    287 |   1270 |   6731 |   7 | 1386.4 |
       Dungeon |   9546 |   9301 |    245 |   1270 |   6664 |   6 | 1591.0 |
        Temple |    158 |    117 |     41 |      0 |     67 |   1 |  158.0 |
               +--------+--------+--------+--------+--------+-----+--------+

Top non-repeatable levels by time:
     D:2: 2193 daAuts
     D:1: 2018 daAuts
     D:5: 1842 daAuts
     D:4: 1784 daAuts
     D:3: 1579 daAuts
  Temple: 158 daAuts
     D:6: 128 daAuts
